 Dungeon Crawl Stone Soup version 0.24-a0-499-g1074bba3cf (webtiles) character file.

Game seed: 7978122365460575759

534 KristoblXynda the Slasher (level 7, -4/60 HPs)
             Began as a Purple Draconian Gladiator on July 14, 2019.
             Was a Follower of Ashenzari.
             Splashed by a jelly's acid (6 damage)
             ... on level 5 of the Dungeon.
             The game lasted 00:07:35 (5043 turns).

KristoblXynda the Slasher (DrGl)                    Turns: 5043, Time: 00:07:36

Health: -4/60      AC: -6    Str: 16    XL:     7   Next: 4%
Magic:  7/7        EV: 19    Int: 11    God:    Ashenzari [*.....]
Gold:   323        SH:  0    Dex: 17    Spells: 6/6 levels left

rFire    . . .     SeeInvis .   a - +0 long sword
rCold    . . .     Gourm    .   (no shield)
rNeg     . . .     Faith    .   (armour unavailable)
rPois    .         Spirit   .   b - +0 hat
rElec    .         Reflect  .   (no cloak)
rCorr    .         Harm     .   (no gloves)
MR       +....                  (no boots)
Stlth    +++.......             (no amulet)
HPRegen  0.20/turn              (no ring)
MPRegen  0.10/turn              (no ring)

@: agile, short of breath, corroded
A: breathe power, unfitting armour, cold-blooded, AC +6
a: Breathe Dispelling Energy, Curse Item, Scrying, Renounce Religion


You were on level 5 of the Dungeon.
You worshipped Ashenzari.
Ashenzari was aware of your devotion.
You were not hungry.

You visited 1 branch of the dungeon, and saw 5 of its levels.

You collected 323 gold pieces.

Inventory:

Hand Weapons
 a - a +0 long sword (weapon)
Missiles
 c - 2 throwing nets (quivered)
Armour
 b - a +0 hat (worn)
Wands
 n - a wand of flame (12)
Scrolls
 f - 2 scrolls of immolation {unknown}
 g - 2 scrolls of remove curse
 i - 3 scrolls of enchant weapon
 j - a scroll of fear {unknown}
 k - 2 scrolls of random uselessness {unknown}
 l - 2 scrolls of teleportation {unknown}
 m - a scroll of enchant armour {unknown}
 p - a scroll of fog {unknown}
Potions
 e - 2 potions of haste
 h - a potion of might
 o - a potion of flight {unknown}
 r - a potion of agility
Comestibles
 d - 8 rations


   Skills:
 + Level 4.6 Fighting
 * Level 6.0 Long Blades
 - Level 2.0 Throwing
 + Level 4.3 Dodging


You had 6 spell levels left.
You didn't know any spells.
Your spell library was empty.

Dungeon Overview and Level Annotations

Branches:
Dungeon (5/15)             Temple (0/1) D:5

Altars:
Ashenzari
Cheibriados
Elyvilon
Wu Jian
Xom


Innate Abilities, Weirdness & Mutations

You can breathe bolts of dispelling energy.
Your rich purple scales are hard. (AC +6)
You cannot fit into any form of body armour.
You are cold-blooded and may be slowed by cold attacks.


Message History

You hit the jelly.
Your hands burn!
The jelly is almost dead.
The jelly closely misses you.
You riposte.
You hit the jelly but do no damage.
The jelly is almost dead.
The jelly hits you. The acid corrodes you!
You are splashed with acid!
* * * LOW HITPOINT WARNING * * *
You hit the jelly but do no damage.
Your hands burn!
* * * LOW HITPOINT WARNING * * *
You tail-slap the jelly, but do no damage.
The jelly is almost dead.
The jelly hits you.
* * * LOW HITPOINT WARNING * * *
The acid corrodes you!
You are splashed with acid.
* * * LOW HITPOINT WARNING * * *
It was a potion of agility.
You feel agile all of a sudden. The jelly hits you.
* * * LOW HITPOINT WARNING * * *
You are splashed with acid.
You die...

#............#..........#
#............#..........#
#......####.####........#
#......####+###...#######
#.................#
..................#
.#.#.#.#.#.....#'##
...............#.#
.#.......#.#'###@#
...........#.###J#
.#...>...#.#..##Y#
...........##.##s#
.#.......#.....#.#
............Y..#.#
/#.#.#.#.#.......#
...$..........#..#
....###.......#.>...


You could see a sky beast, a scorpion and a jelly.

Vanquished Creatures
  Edmund (D:4)
  A crimson imp (D:2)
  Ijyb (D:4)
  Natasha (D:3)
  An orc wizard (D:3)
  A worker ant (D:3)
  A hound skeleton (D:5)
  5 adders
  12 gnolls
  A shadow imp (D:5)
  An ooze (D:5)
  4 worms
  2 dart slugs
  2 leopard geckos
  4 orcs (D:3)
  A ball python (D:5)
  7 giant cockroaches
  10 goblins
  10 hobgoblins
  3 jackals (D:1)
  3 quokkas (D:3)
  4 bats
  3 frilled lizards (D:2)
  6 kobolds
  8 rats
93 creatures vanquished.

Notes
Turn   | Place    | Note
-------+----------+-------------------------------------------
     0 | D:1      | KristoblXynda the Draconian Gladiator began the quest for
                  | the Orb.
     0 | D:1      | Reached XP level 1. HP: 17/17 MP: 1/1
   179 | D:1      | Reached XP level 2. HP: 22/25 MP: 2/2
   871 | D:2      | Reached XP level 3. HP: 27/30 MP: 3/3
  1273 | D:2      | Reached skill level 4 in Long Blades
  1273 | D:2      | Reached XP level 4. HP: 34/38 MP: 4/4
  1440 | D:2      | Found a white marble altar of Elyvilon.
  1440 | D:2      | Found a faded altar of an unknown god.
  1450 | D:2      | Found a faded altar of an unknown god.
  1452 | D:2      | Found a snail-covered altar of Cheibriados.
  1453 | D:2      | Found a shattered altar of Ashenzari.
  1459 | D:2      | Became a worshipper of Ashenzari the Shackled
  1551 | D:2      | Reached XP level 5. HP: 31/45 MP: 5/5
  2001 | D:2      | Found a shimmering altar of Xom.
  2684 | D:3      | Reached skill level 5 in Long Blades
  3221 | D:4      | Reached XP level 6. HP: 33/52 MP: 6/6
  3349 | D:4      | Noticed Natasha
  3404 | D:3      | Killed Natasha
  3696 | D:4      | Noticed Ijyb
  3719 | D:4      | HP: 1/52 [Ijyb (4)]
  3723 | D:4      | Killed Ijyb
  4128 | D:4      | Found an ornate altar of the Wu Jian Council.
  4138 | D:4      | Noticed Edmund
  4156 | D:4      | Killed Edmund
  4742 | D:5      | Entered Level 5 of the Dungeon
  4939 | D:5      | Reached * piety under Ashenzari
  4979 | D:5      | Your scales start taking on a rich purple colour.
  4979 | D:5      | Reached XP level 7. HP: 58/60 MP: 7/7
  5001 | D:5      | Found a staircase to the Ecumenical Temple.
  5037 | D:5      | Reached skill level 6 in Long Blades
  5043 | D:5      | HP: 2/60 [jelly (2)]
  5043 | D:5      | Splashed by a jelly's acid

Levels and vault maps discovered:
D:1:      minmay_arrival_loop, layout_basic, grunt_decor_arrowhead, st_stairs_8,
          bh_walls_and_bars
D:2:      layout_rooms, chequers_temple_overflow_minitemple,
          kennysheep_cluttered_room, dk_noncrumbling_2, dk_noncrumbling_3,
          tgw_xom
D:3:      layout_basic, minivault_14, st_stairs_7
D:4:      layout_cave_pools, lemuel_crystal_altar, uniq_ijyb, uniq_edmund,
          uniq_natasha
D:5:      layout_basic, grunt_temple_overflow_holy_war,
          nemelex_xobeh_ov_fountains_minmay, kiku_gazebo_garden_becter,
          okawaru_gym_becter, minmay_temple_entry_glass, first_ration,
          uniq_eustachio, uniq_crazy_yiuf_cottage

Skill      XL: |  1  2  3  4  5  6  7 |
---------------+----------------------+-----
Throwing       | 2 |  2.0
Dodging        | 3 4 |  4.3
Fighting       | 3 4 |  4.6
Long Blades    | 4 5 6 |  6.0

Action                   |  1- 3 |  4- 6 |  7- 9 || total
-------------------------+-------+-------+-------++-------
Melee: Long sword        |    70 |   211 |    14 ||   295
       Tailslap          |     7 |    26 |     4 ||    37
       Unarmed           |       |     5 |       ||     5
Throw: Throwing net      |       |     1 |       ||     1
 Abil: Breathe Dispellin |       |       |     1 ||     1
  Use: Scroll            |       |     4 |       ||     4
       Potion            |       |     2 |     1 ||     3
 Stab: Sleeping          |     1 |     3 |       ||     4
       Held in net/web   |       |     1 |       ||     1
  Eat: Chunk             |     1 |     9 |       ||    10
       Ration            |       |     1 |       ||     1
Armor: Skin              |    23 |    49 |     4 ||    76
Dodge: Dodged            |    47 |   165 |     9 ||   221
       Rpst.: Long sword |    15 |    48 |     1 ||    64

Table legend:
 A = Non-vault XP
 B = Vault XP
 C = Vault XP percentage of total XP
 D = Non-vault monster count
 E = Vault monster count
 F = Vault count percentage of total count
                 A         B        C        D         E       F
            +---------+---------+-------+---------+---------+-------
      Total |     512 |     251 |  32.9 |      87 |       6 |   6.5
            +---------+---------+-------+---------+---------+-------
        D:1 |      54 |       2 |   3.6 |      21 |       1 |   4.5
        D:2 |     179 |       0 |   0.0 |      26 |       0 |   0.0
        D:3 |     129 |      51 |  28.3 |      25 |       3 |  10.7
        D:4 |      67 |     198 |  74.7 |       7 |       2 |  22.2
        D:5 |      83 |       0 |   0.0 |       8 |       0 |   0.0
            +---------+---------+-------+---------+---------+-------
